 Dungeon Crawl Stone Soup version 0.23.2 (webtiles) character file.

Game seed: 642245899444954978

610 Fang the Skirmisher (level 7, -1/44 HPs)
             Began as a Gargoyle Berserker on Apr 4, 2019.
             Was a Priest of Trog.
             Slain by a golden dragon zombie (13 damage)
             ... on level 1 of the Abyss on Apr 5, 2019.
             The game lasted 00:05:00 (2962 turns).

Fang the Skirmisher (Gargoyle Berserker)            Turns: 2962, Time: 00:05:01

Health: -1/44      AC: 22    Str: 22    XL:     7   Next: 43%
Magic:  0/7        EV:  7    Int:  8    God:    Trog [***...]
Gold:   132        SH:  0    Dex:  9    Spells: 6/6 levels left

rFire    . . .     SeeInvis .   a - +0 war axe
rCold    . . .     Gourm    .   (no shield)
rNeg     + . .     Faith    .   b - +0 plate armour
rPois    ∞         Spirit   +   (no helmet)
rElec    +         Reflect  .   (no cloak)
rCorr    .         Harm     .   (no gloves)
MR       ++...                  (no boots)
Stlth    ..........             k - amulet of guardian spirit
HPRegen  1.14/turn              l - +6 ring of protection
MPRegen  0.10/turn              p - ring of flight

@: berserk cooldown, fainting, regenerating, slowed, very slow
A: negative energy resistance 1, electricity resistance, unbreathing,
petrification resistance, rot immunity, AC +4
a: Berserk, Trog's Hand, Renounce Religion, Evoke Flight


You were on level 1 of the Abyss.
You worshipped Trog.
Trog was most pleased with you.
You were fainting.

You visited 1 branch of the dungeon, and saw 4 of its levels.
You visited the Abyss 1 time.

You collected 132 gold pieces.

Inventory:

Hand Weapons
 a - a +0 war axe (weapon)
Armour
 b - a +0 plate armour (worn)
Jewellery
 k - an amulet of guardian spirit (around neck)
 l - a +6 ring of protection (left hand)
 p - a ring of flight (right hand)
 q - an uncursed ring of stealth
Wands
 y - a wand of iceblast (8)
Scrolls
 e - 4 scrolls of identify {unknown}
 f - a scroll of fog {unknown}
 g - 2 scrolls of teleportation {unknown}
 i - 4 scrolls of remove curse {unknown}
 n - a scroll of magic mapping {unknown}
 o - a scroll of blinking {unknown}
 r - a scroll of fear {unknown}
 t - a scroll of amnesia {unknown}
 u - a scroll of enchant armour {unknown}
Potions
 d - a potion of degeneration {unknown}
 h - a potion of might {unknown}
 j - a potion of magic {unknown}
 m - a potion of heal wounds {unknown}
 s - a potion of agility {unknown}
 v - a potion of brilliance {unknown}
 w - 2 potions of invisibility {unknown}
 x - a potion of berserk rage {unknown}
 z - a potion of flight {unknown}
Comestibles
 c - 11 rations


   Skills:
 + Level 5.3 Fighting
 + Level 4.4 Axes
 + Level 4.7 Armour
 + Level 3.5 Dodging


You had 6 spell levels left.
You didn't know any spells.
Your spell library was empty.

Dungeon Overview and Level Annotations

Branches:
Dungeon (4/15)
 Temple: D:4-7

Altars:
Hepliaklqana
Okawaru
Trog
The Shining One


Innate Abilities, Weirdness & Mutations

You are resistant to torment.
Your stone body is resilient. (AC +4)
You are immune to poison.
You resist negative energy. (rN+)
You are resistant to electric shocks. (rElec)
You can survive without breathing.
You are immune to petrification.
You are immune to rotting.


Message History

The raiju bursts into living lightning!
The living lightning hits you. You resist.
The raiju blinks!
You hit the golden dragon zombie.
The golden dragon zombie is moderately damaged.
You closely miss the raiju.
You are no longer berserk.
You are exhausted.
You feel yourself slow down. The raiju closely misses you.
The raiju bursts into living lightning!
The living lightning hits you but does no damage.
The raiju blinks!
The golden dragon zombie bites you!
* * * LOW HITPOINT WARNING * * *
The golden dragon zombie claws you but does no damage.
The golden dragon zombie tramples you but does no damage.
You slash the golden dragon zombie!
The golden dragon zombie is moderately damaged.
You barely miss the raiju.
Your plate armour prevents you from hitting the raiju.
The raiju bites you but does no damage. x2; The golden dragon zombie bites you!
You die...

.. #...#.....#
..###........##
..............
#
............##.
...............
.............#
.......Z§..##
...#.§.@§.h.#
#......hh...#
#....h......#
............#
............#
#.#........##
#.........##
....#.#.## . .
#. #


You could see 4 raiju and a golden dragon zombie.

Vanquished Creatures
  A hungry ghost (Abyss:1)
  An ogre (D:4)
  A howler monkey (D:4)
  A crimson imp (D:3)
  3 orc priests (D:4)
  An orc wizard (D:4)
  An iguana (D:4)
  A worker ant (D:4)
  A hound skeleton (D:4)
  A gnoll (D:4)
  5 adders
  2 oozes
  A worm (D:3)
  4 dart slugs
  8 orcs
  12 bats
  6 giant cockroaches
  7 goblins
  3 hobgoblins
  4 kobolds
  A quokka (D:3)
  2 ball pythons
  6 frilled lizards
  A jackal skeleton (D:4)
  6 rats
80 creatures vanquished.

Notes
Turn   | Place    | Note
-------+----------+-------------------------------------------
     0 | D:1      | Fang the Gargoyle Berserker began the quest for the Orb.
     0 | D:1      | Reached XP level 1. HP: 14/14 MP: 1/1
   199 | D:1      | Reached XP level 2. HP: 4/19 MP: 2/2
  1218 | D:2      | Reached XP level 3. HP: 22/23 MP: 3/3
  1329 | D:2      | Found a hazy altar of Hepliaklqana.
  1516 | D:2      | Reached ** piety under Trog
  1645 | D:3      | Found a faded altar of an unknown god.
  1658 | D:3      | Reached XP level 4. HP: 22/29 MP: 4/4
  1738 | D:3      | Reached skill level 4 in Fighting
  2008 | D:3      | Reached XP level 5. HP: 32/33 MP: 5/5
  2199 | D:4      | Reached XP level 6. HP: 39/39 MP: 4/6
  2286 | D:4      | Found a bloodstained altar of Trog.
  2288 | D:4      | Found an iron altar of Okawaru.
  2352 | D:4      | Reached *** piety under Trog
  2353 | D:4      | Reached skill level 5 in Fighting
  2606 | D:4      | Found a glowing golden altar of the Shining One.
  2754 | D:4      | Reached XP level 7. HP: 37/44 MP: 4/7
  2778 | D:4      | Cast into level 1 of the Abyss (orc wizard)
  2925 | Abyss:1  | Noticed a hungry ghost
  2946 | Abyss:1  | Noticed a raiju
  2948 | Abyss:1  | Noticed a raiju
  2949 | Abyss:1  | Noticed a raiju
  2951 | Abyss:1  | Noticed a raiju
  2959 | Abyss:1  | Killed a hungry ghost
  2962 | Abyss:1  | Slain by a golden dragon zombie

Skill      XL: |  1  2  3  4  5  6 |
---------------+-------------------+-----
Axes           | 3 4 |  4.4
Dodging        | 2 3 |  3.5
Armour         | 3 4 |  4.7
Fighting       | 4 5 |  5.3

Action                   |  1- 3 |  4- 6 |  7- 9 || total
-------------------------+-------+-------+-------++-------
Melee: Hand axe          |   147 |    47 |       ||   194
       War axe           |       |   123 |    43 ||   166
Invok: Berserk           |       |     2 |     1 ||     3
       Trog's Hand       |       |       |     1 ||     1
 Stab: Sleeping          |     1 |       |       ||     1
  Eat: Chunk             |     3 |     5 |       ||     8
       Ration            |       |       |     2 ||     2
Armor: Animal skin       |    28 |       |       ||    28
       Plate armour      |   109 |   164 |    64 ||   337
Dodge: Dodged            |    90 |    68 |    24 ||   182
